Map: Beckett Industries LE

Players

Player 2

  • Race: Protoss Protoss

QuietMind - Winner!

  • Race: Terran Terran

VOD

Have the link to the VOD?

Description

Time

  • Played on: Aug. 10, 2021, 1:31 a.m.
  • Length: 12:02
Show
View Real Time Build Order
Export as new Build Order

Player 2 Protoss 

Build Orders: 1 Gate Expand 

Get SALT Encoding   

  12  0:00  Probe  
  13  0:13  Probe  
  14  0:20  Pylon  
  14  0:25  Probe  
  15  0:34  Probe  
  15  0:42  Probe  
  17  0:51  Gateway  
  17  1:08  Probe  
  17  1:10  Nexus  
  18  1:28  Pylon  
  18  1:33  Assimilator  
  18  1:40  Zealot  
  18  1:43  Cybernetics Core, Probe  
  21  1:55  Probe  
  22  2:04  Probe  
  22  2:05  Gateway  
  23  2:13  Probe  
  23  2:14  Assimilator  
  23  2:20  Stalker  
  23  2:21  Probe  
  23  2:22  Warp Gate  
  26  2:24  Pylon  
  27  2:30  Probe  
  28  2:41  Probe  
  29  2:48  Probe  
  29  2:50  Stalker  
  32  3:00  Gateway  
  32  3:04  Zealot  
  34  3:20  Stalker  
  36  3:29  Assimilator  
  36  3:32  Stalker  
  38  3:38  Probe  
  39  3:42  Probe  
  39  3:46  Stalker  
  42  3:50  Probe  
  42  3:54  Probe  
  44  3:56  Pylon  
  44  4:01  Sentry  
  44  4:02  Probe, Forge  
  47  4:09  Probe  
  47  4:14  Probe  
  47  4:15  Adept  
  51  4:17  Probe, Protoss Ground Armor Level 1  
  52  4:26  Probe  
  52  4:27  Probe  
  54  4:35  Zealot  
  56  4:39  Probe  
  56  4:41  Probe  
  56  4:42  Pylon  
  58  4:49  Zealot  
  58  4:51  Probe  
  60  4:53  Probe  
  61  5:03  Probe, Stalker, Pylon  
  61  5:05  Probe  
  65  5:12  Twilight Council  
  65  5:15  Probe  
  65  5:18  Probe  
  67  5:24  Stalker  
  67  5:27  Probe  
  70  5:29  Pylon  
  70  5:30  Probe  
  71  5:38  Stalker  
  71  5:39  Probe  
  74  5:43  Probe  
  75  5:50  Blink  
  75  5:51  Probe  
  75  5:52  Stalker  
  75  5:54  Pylon  
  75  5:55  Probe  
  79  6:03  Probe  
  80  6:07  Stalker  
  80  6:09  Photon Cannon  
  82  6:15  Robotics Facility  
  82  6:16  Protoss Ground Weapons Level 1  
  82  6:20  Pylon  
  82  6:21  Stalker, Photon Cannon  
  82  6:25  Pylon  
  84  6:27  Pylon  
  84  6:32  Stargate  
  84  6:35  Sentry  
  84  6:37  Forge  
  86  6:50  Adept, Photon Cannon  
  86  6:52  Photon Cannon  
  88  6:55  Photon Cannon  
  88  7:03  Observer  
  88  7:07  Assimilator  
  89  7:22  Observer  
  89  7:28  Probe  
  90  9:23  Immortal  
  94  9:27  Gateway  
  94  9:31  Pylon  
  94  9:32  Nexus  
  94  9:37  Zealot  
  87  9:44  Sentry  
  61  9:49  Void Ray  
  61  9:52  Zealot  
  64  10:02  Warp Prism, Zealot  
  65  10:08  Zealot  
  65  10:12  Zealot  
  51  10:21  Stalker  
  40  10:24  Zealot  
  40  10:36  Zealot  
  40  10:38  Observer  
  34  10:43  Robotics Facility, Zealot  
  34  10:47  Probe  
  26  10:50  Stalker  
Show
View Real Time Build Order
Export as new Build Order

QuietMind Terran - Winner!

Build Orders: Mech 

Get SALT Encoding   

  12  0:00  SCV  
  13  0:12  SCV  
  14  0:17  Supply Depot  
  14  0:24  SCV  
  15  0:38  SCV  
  15  0:40  Barracks  
  16  0:45  Refinery  
  16  0:51  SCV  
  17  1:03  SCV  
  18  1:15  SCV  
  19  1:27  Orbital Command  
  19  1:35  Command Center  
  19  1:48  Factory  
  19  1:53  SCV  
  20  1:55  Marine  
  21  2:05  SCV, Supply Depot  
  22  2:14  Barracks Tech Lab, Refinery  
  22  2:17  SCV  
  23  2:29  SCV  
  24  2:39  Marine  
  24  2:41  SCV  
  24  2:43  Siege Tank  
  29  2:53  SCV  
  30  3:00  Marine  
  30  3:01  Bunker  
  30  3:02  Orbital Command  
  32  3:05  SCV  
  32  3:16  Siege Tank  
  32  3:17  SCV  
  36  3:20  Marine  
  37  3:28  SCV  
  37  3:29  SCV  
  37  3:31  Supply Depot  
  39  3:37  Supply Depot  
  39  3:39  Barracks Tech Lab  
  39  3:40  SCV  
  40  3:42  SCV  
  40  3:47  Command Center  
  41  3:52  SCV  
  41  3:53  Siege Tank  
  41  3:54  SCV  
  46  4:02  Marauder  
  48  4:04  SCV  
  48  4:07  SCV  
  48  4:09  Armory  
  50  4:13  Supply Depot  
  50  4:16  SCV  
  51  4:19  SCV  
  52  4:25  Widow Mine  
  52  4:26  Marauder  
  52  4:29  SCV, Engineering Bay  
  52  4:31  SCV  
  58  4:37  Supply Depot  
  58  4:41  SCV  
  58  4:43  SCV  
  58  4:44  Refinery  
  58  4:45  Refinery  
  60  4:51  Marauder  
  62  4:53  SCV  
  62  4:55  SCV, Thor  
  62  4:59  Missile Turret  
  70  5:00  Supply Depot  
  70  5:03  Orbital Command  
  70  5:05  SCV  
  71  5:09  SCV  
  74  5:14  Marauder  
  74  5:15  Terran Vehicle Weapons Level 1  
  74  5:17  SCV  
  74  5:18  Missile Turret  
  74  5:19  Orbital Command  
  76  5:21  SCV  
  76  5:29  SCV  
  76  5:30  Factory  
  76  5:33  SCV  
  76  5:34  Supply Depot  
  78  5:41  SCV  
  79  5:45  SCV  
  79  5:46  SCV  
  79  5:47  Supply Depot  
  79  5:48  Bunker, Supply Depot  
  81  5:52  Marauder  
  81  5:53  SCV  
  84  5:57  SCV  
  84  5:59  SCV  
  84  6:00  Thor  
  92  6:05  SCV  
  92  6:09  SCV  
  92  6:10  Command Center  
  94  6:11  SCV  
  94  6:16  Hellbat  
  94  6:17  SCV  
  98  6:21  SCV  
  98  6:22  Refinery  
  98  6:24  SCV, Supply Depot  
  100  6:26  Marauder  
  100  6:30  SCV  
  103  6:34  SCV  
  103  6:36  SCV  
  103  6:37  Armory  
  103  6:39  Supply Depot  
  105  6:41  Factory Reactor, Refinery  
  105  6:42  SCV, Supply Depot  
  105  6:44  Thor  
  105  6:46  SCV  
  113  6:48  SCV  
  113  6:54  SCV, Marauder  
  115  6:58  SCV  
  115  7:00  SCV  
  119  7:04  Factory  
  119  7:06  SCV  
  120  7:09  Terran Vehicle Weapons Level 2, Supply Depot  
  120  7:10  SCV  
  120  7:12  SCV  
  122  7:17  Marauder  
  122  7:18  SCV, Hellbat x2  
  122  7:22  SCV  
  130  7:24  SCV  
  130  7:27  Thor  
  137  7:30  SCV  
  137  7:34  SCV  
  137  7:35  Factory  
  139  7:37  Factory  
  139  7:38  SCV  
  139  7:40  Marauder  
  139  7:41  Hellbat, Hellion  
  139  7:42  SCV  
  147  7:46  SCV  
  147  7:48  Terran Vehicle And Ship Armor Level 1  
  147  7:50  SCV, Factory Tech Lab  
  149  7:54  SCV  
  150  7:58  SCV  
  150  8:01  Supply Depot x2  
  150  8:02  SCV, Marauder  
  150  8:03  Hellbat x2, Supply Depot  
  150  8:05  Supply Depot  
  158  8:06  SCV  
  158  8:10  SCV  
  158  8:11  Thor  
  158  8:12  Command Center  
  166  8:13  Thor  
  166  8:17  Planetary Fortress  
  172  8:20  Refinery  
  172  8:22  Refinery  
  172  8:23  SCV x3  
  172  8:26  Factory Tech Lab x2  
  177  8:27  Hellbat x2  
  177  8:28  Marauder  
  181  8:35  SCV x3  
  181  8:38  Missile Turret  
  181  8:39  Hellion  
  184  8:43  Command Center  
  184  8:45  Thor  
  184  8:46  Thor  
  196  8:52  SCV x3  
  199  9:04  SCV  
  199  9:08  Hi-Sec Auto Tracking  
  200  9:11  Factory  
  200  9:13  Starport  
  200  9:15  Factory  
  184  9:50  Thor x2  
  196  10:02  SCV  
  196  10:04  Factory Tech Lab  
  196  10:05  Neosteel Armor  
  197  10:11  Factory Tech Lab  
  197  10:12  Missile Turret  
  197  10:13  SCV  
  197  10:14  SCV  
  199  10:25  Missile Turret  
  199  10:28  Planetary Fortress  
  199  10:32  SCV x3  
  192  11:08  Thor  
  198  11:13  Fusion Core  
  198  11:21  Starport  
  198  11:22  Starport  
  198  11:23  Starport  
  198  11:24  Starport Tech Lab  
Tags
 
Add a new tag
Caveats
  • Supply blocks, unpowered buildings, or Contaminate may cause inaccurate times.
  • Supply counts are checked every 10 seconds.